AoeStats
← Aldo

Arabia

510462412Analyzed
2v2 RM · 8h ago on Oct 1, 2026· 25m 36s· 4 players
Game mode
Random Map
Map size
Medium (4 player)
Population
200
Speed
Normal
Resources
Standard
Victory
Conquest
Starting age
Dark Age
Ending age
Imperial Age
RankedLock teamsTeams togetherTeam positionsShared explorationLock speedFull tech treeHidden civsTurbo modeCheats
Victory
Defeat
🇺🇸 Japanese · United States
965
+16
🇨🇴 Khmer · Colombia
955
+16
🇲🇽 Bulgarians · Mexico
988
-17
🇲🇽 Teutons · Mexico
940
-15
andres7194
9:56 Feudal Age
8:12 Loom
11:50 Double-Bit Axe
18:15 Gold Mining
20:44 Castle Age
21:15 Bloodlines
boo radley
7:58 Loom
9:59 Feudal Age
10:21 Man-at-Arms
10:50 Double-Bit Axe
13:15 Horse Collar
14:21 Fletching
18:09 Wheelbarrow
20:54 Castle Age
20:18 Padded Archer Armor
20:10 Gold Mining
21:03 Crossbowman
21:39 Bodkin Arrow
25:15 Bow Saw
26:00 Ballistics
26:21 Ballistics
Aldo
12:09 Feudal Age
11:24 Loom
14:20 Forging
14:11 Scale Mail Armor
19:03 Castle Age
17:53 Bloodlines
18:19 Scale Barding Armor
18:33 Fletching
22:50 Pikeman
fdiazlev
5:30 Loom
10:44 Feudal Age
12:31 Forging
12:08 Man-at-Arms
14:51 Town Watch
15:44 Fletching
16:56 Scale Mail Armor
17:06 Scale Barding Armor
17:34 Arson
19:13 Bloodlines
Connection lost

Rejoining the realm…

Still unreachable

The connection could not be restored.

Session expired

The server has moved on; the page needs a fresh start.